 Dungeon Crawl Stone Soup version 0.17-a0-744-gaa96792 (webtiles) character file.

52238 Ftor the Brawler (level 14, -8/122 HPs)
             Began as a Ghoul Monk on Apr 21, 2015.
             Was the Champion of Makhleb.
             Mangled by a komodo dragon (15 damage)
             ... on level 8 of the Lair of Beasts.
             The game lasted 01:11:16 (20721 turns).

Ftor the Brawler (Ghoul Monk)                      Turns: 20721, Time: 01:11:16

Health: -8/122     AC: 15    Str: 16    XL:     14   Next: 63%
Magic:  19/19      EV: 19    Int:  5    God:    Makhleb [******]
Gold:   1623       SH:  0    Dex: 15    Spells: 0 memorised, 13 levels left

rFire  + . .     SeeInvis .       - Unarmed
rCold  + . .     Clarity  .     X - +0 robe of the Assorted Mice {Slay+5}
rNeg   + + +     SustAb   .     (no shield)
rPois  ∞         Gourm    .     f - +2 hat
rElec  .         Spirit   .     p - +2 cloak {MR+}
rCorr  .         Warding  .     B - +2 pair of gloves
rMut   .         Stasis   .     v - +0 pair of boots
MR     ++...                    (no amulet)
Stlth  ++........               K - +3 ring of protection
                                d - ring of protection from fire

@: rotting, hasted, very quick, very resistant to hostile enchantments,
unstealthy
A: rotting body, claws 1, carnivore 3, cold resistance 1, negative energy
resistance 3, slow healing 1, torment resistance, unbreathing
a: Minor Destruction, Lesser Servant of Makhleb, Major Destruction, Greater
Servant of Makhleb, Renounce Religion


You were on level 8 of the Lair of Beasts.
You worshipped Makhleb.
Makhleb was exalted by your worship.
You were not hungry.

You visited 4 branches of the dungeon, and saw 22 of its levels.
You also visited: Ossuary.

You collected 1623 gold pieces.

Inventory:

Hand weapons
 Y - the +4 dagger "Dukol" {drain, rC+ Str+3}
   (You took it off an orc priest on level 10 of the Dungeon)

   A truly terrible weapon, it drains the life of those it strikes.
   It affects your strength (+3).
   It protects you from cold.
Armour
 f - a +2 hat (worn)
 p - a +2 cloak of magic resistance (worn)
 v - a +0 pair of boots (worn)
 B - a +2 pair of gloves (worn)
 X - the +0 robe of the Assorted Mice (worn) {Slay+5}
   (You found it on level 6 of the Lair of Beasts)

   It affects your accuracy and damage with ranged weapons and melee attacks
   (+5).
 Z - a +0 troll leather armour
Magical staves
 z - an uncursed staff of fire
Jewellery
 d - a ring of protection from fire (left hand)
 l - an uncursed ring of fire
 G - a +5 ring of intelligence
 K - a +3 ring of protection (right hand)
 M - an uncursed ring of protection from cold
 N - an uncursed amulet of faith
Magical devices
 j - a wand of enslavement (17)
 m - a wand of teleportation (7)
 n - a wand of teleportation (1)
 o - a wand of lightning (8)
 u - a wand of digging (13)
 y - a wand of digging (9)
 E - a wand of invisibility (3)
Scrolls
 a - a scroll of identify
 c - 3 scrolls of fog
 e - 3 scrolls of remove curse
 g - 4 scrolls of enchant armour
 k - 2 scrolls of recharging
 w - a scroll of teleportation
 A - 6 scrolls of amnesia
 C - 4 scrolls of magic mapping
 I - a scroll of enchant weapon
Potions
 h - 3 potions of might
 i - a potion of haste
 q - 2 potions of restore abilities
 t - a potion of curing
 V - 2 potions of ambrosia
Books
 S - a book of the Warp

   Spells                             Type                      Level
   a - Recall                         Summoning/Translocation      3
   b - Gell's Gravitas                Hexes/Translocation          3
   c - Control Teleport               Charms/Translocation         4
   d - Force Lance                    Conjuration/Translocation    4
   e - Phase Shift                    Translocation                5
   f - Warp Weapon                    Charms/Translocation         5
   g - Summon Forest                  Summoning/Translocation      5
Miscellaneous
 r - a sack of spiders
 D - a box of beasts
Comestibles
 b - 10 meat rations
 s - 2 beef jerkies
 x - 6 chunks of flesh
 F - 19 royal jellies
 P - 4 slices of pizza


   Skills:
 + Level 10.9 Fighting
 - Level 5.9 Armour
 * Level 10.9 Dodging
 + Level 2.3 Stealth
 * Level 18.4 Unarmed Combat
 + Level 8.6 Invocations


You had 13 spell levels left.
You didn't know any spells.

Dungeon Overview and Level Annotations

Branches:
Dungeon (10/15) Temple (1/1) D:4 Lair (8/8) D:10 Swamp (0/5) Lair:4 Spider (0/5) Lair:3 Lair:4 Slime (0/6) Lair:6 Orc (3/4) D:10 Elf (0/3) Orc:3

Altars:
Ashenzari
Cheibriados
Dithmenos
Elyvilon
Fedhas
Gozag
Makhleb
Nemelex Xobeh
Ru
Sif Muna
Trog
Xom
Zin
The Shining One
Jiyva

Shops:
D:8 %   D:9 }}   D:10 %

Annotations:
D:2 Sigmund
D:5 namelastname112's ghost, experienced DrCK
Lair:1 exclusion: ice statue, Prince Ribbit
Lair:5 exclusion: oklob plant
Lair:6 exclusion: oklob plant


Innate Abilities, Weirdness & Mutations

Your body is rotting away.
You thrive on raw meat.
You are immune to poison.
You have sharp fingernails.
You are carnivorous and can eat meat at any time.
Your flesh is cold resistant.
You are immune to negative energy.
You heal slowly when monsters are visible.
You are immune to unholy pain and torment.
You can survive without breathing.


Message History

* * * LOW HITPOINT WARNING * * *
Drink which item? (? for menu, Esc to quit)
You feel better. The komodo dragon bites you!!
* * * LOW HITPOINT WARNING * * *
Read which item? (? for menu, Esc to quit)
Okay, then.
Drink which item? (? for menu, Esc to quit)
Okay, then.
Drink which item? (? for menu, Esc to quit)
You feel better.
The komodo dragon completely misses you.
Drink which item? (? for menu, Esc to quit)
You feel better. The komodo dragon bites you!
* * * LOW HITPOINT WARNING * * *
Drink which item? (? for menu, Esc to quit)
You feel better. The komodo dragon bites you!
* * * LOW HITPOINT WARNING * * *
Drink which item? (? for menu, Esc to quit)
You feel yourself speed up. The komodo dragon bites you!
You die...

,,,,..[..............,,,,,,,,,*,,
*,*,..P.........##...,,,,,,,,,,,,
,,*,.##P.##P.PP.##....,,,,,,,,,,,
,,,,,.###*#..PPP#......,,,,,,,,,,
,,,,,...#*#.PP..#......P,,,,,,,,,
,,,,......#..P##...P..,,,,,,,**,,
,**,.<.......P#*#...,,,,,,,,,*,,,
,,,,..........###.##,,,,,,,,,,,,<
,,,,...........l@..#,,,,,,,,,,,,,
,,,,,.....#..............,,,,,,,,
,,,,,.....###........$..,,,,,,*,,
,,,,,...##,*#....∩......,*,,,,,**
*,,,,,..,,*.........PP..,,,,,,,,*
,,**,,,,,,..#.!....PPP.,,*,,,,,,,
,,,*,,,,,,.....P....PP,,,***,,,,,
,*,,,,,,,,....P......,,,,,***,,,,
*,,,,,,,,,**##..P.,,,,,,,,**,,,,,


You could see a komodo dragon.

Vanquished Creatures
  Gastronok (Orc:1)
  An orc warlord (Orc:2)
  Harold (Orc:3)
  4 hydras
  2 orc knights
  2 orc sorcerers
  A griffon (Lair:3)
  3 black mambas
  A torpor snail (Lair:6)
  10 spiny frogs
  A gargoyle (D:10)
  23 elephants
  2 centaur skeletons (D:10)
  A fire drake (Lair:7)
  2 queen bees
  4 trolls
  7 komodo dragons
  3 polar bears (Lair:1)
  24 blink frogs
  2 wandering mushrooms (Lair:6)
  A boulder beetle (Lair:7)
  4 trapdoor spiders
  A wraith (D:10)
  37 yaks
  A basilisk (Lair:4)
  A steam dragon (Lair:3)
  A warg (Orc:2)
  10 hippogriffs
  10 water moccasins
  8 spiders (Lair:4)
  18 orc warriors
  5 ice beasts
  14 porcupines
  5 ogres
  4 phantoms
  3 sky beasts
  3 centaurs
  A big kobold (D:7)
  11 crocodiles
  2 boring beetles
  9 giant frogs
  A gnoll sergeant (D:5)
  11 scorpions
  36 killer bees
  A water moccasin skeleton (D:10)
  5 wights (D:10)
  7 jellies
  20 orc priests
  4 crimson imps
  A giant frog zombie (D:5)
  3 electric eels (Lair:6)
  4 human zombies (Ossuary)
  2 quasits
  2 centaur zombies (Ossuary)
  6 hounds
  4 iguanas
  Crazy Yiuf (D:7)
  22 orc wizards
  13 worker ants
  2 big kobold zombies (Ossuary)
  7 sheep (Lair:7)
  A hound skeleton (D:6)
  4 mummies
  4 gnolls
  42 river rats
  4 scorpion zombies (Ossuary)
  12 adders
  A shadow imp (D:10)
  2 oozes
  An adder skeleton (D:7)
  4 worms (D:6)
  5 giant geckos
  126 orcs
  A bat zombie (D:5)
  5 giant cockroaches
  A gnoll zombie (Ossuary)
  16 goblins
  19 hobgoblins
  13 jackals
  4 quokkas
  16 bats
  2 giant newts
  3 goblin zombies (Ossuary)
  A hobgoblin zombie (Ossuary)
  A jackal skeleton (D:4)
  20 kobolds
  A kobold zombie (Ossuary)
  3 orc zombies
  A quokka skeleton (D:4)
  A quokka zombie (D:9)
  13 rats
723 creatures vanquished.

Vanquished Creatures (others)
  A scorpion (Ossuary)
  3 fungi (Lair:6)
  3 plants
7 creatures vanquished.

Grand Total: 730 creatures vanquished

Notes
Turn   | Place    | Note
--------------------------------------------------------------
     0 | D:1      | Ftor, the Ghoul Monk, began the quest for the Orb.
     0 | D:1      | Reached XP level 1. HP: 19/19 MP: 0/0
   145 | D:1      | Reached XP level 2. HP: 24/24 MP: 1/1
   195 | D:1      | Reached skill level 5 in Unarmed Combat
   726 | D:1      | Reached XP level 3. HP: 26/26 MP: 2/2
  1132 | D:2      | Reached skill level 6 in Unarmed Combat
  1132 | D:2      | Reached XP level 4. HP: 38/38 MP: 3/3
  1189 | D:2      | Noticed Sigmund
  2469 | D:4      | Reached XP level 5. HP: 28/42 MP: 4/4
  2684 | D:4      | Reached skill level 7 in Unarmed Combat
  2710 | D:4      | Found a sparkling altar of Nemelex Xobeh.
  3004 | D:4      | Reached XP level 6. HP: 44/50 MP: 5/5
  3114 | D:4      | Reached skill level 8 in Unarmed Combat
  3402 | D:4      | Found a staircase to the Ecumenical Temple.
  3648 | D:5      | Entered Level 5 of the Dungeon
  3727 | D:5      | Found a shimmering altar of Xom.
  3856 | D:5      | Reached skill level 9 in Unarmed Combat
  3856 | D:5      | Reached XP level 7. HP: 30/57 MP: 6/6
  3958 | D:5      | Noticed namelastname112's ghost (experienced DrCK)
  4326 | D:5      | Found a blossoming altar of Fedhas.
  4327 | D:5      | Found a bloodstained altar of Trog.
  4792 | D:6      | Reached skill level 10 in Unarmed Combat
  4854 | D:6      | Found a sand-covered staircase.
  5033 | Ossuary  | Entered an ossuary
  5154 | Ossuary  | Reached XP level 8. HP: 57/61 MP: 7/7
  5279 | Ossuary  | Reached skill level 11 in Unarmed Combat
  5687 | Ossuary  | Reached skill level 12 in Unarmed Combat
  6119 | D:6      | Reached XP level 9. HP: 54/70 MP: 8/8
  6255 | D:6      | Noticed a yak
  6257 | D:6      | Noticed a yak
  6263 | D:6      | Noticed a yak
  6264 | D:6      | Noticed a yak
  6265 | D:6      | Noticed a yak
  6298 | D:5      | Killed a yak
  6582 | D:6      | Reached skill level 13 in Unarmed Combat
  6728 | D:6      | Found a white marble altar of Elyvilon.
  6845 | D:6      | Noticed a moth of wrath
  6848 | D:6      | Found a bloodstained altar of Trog.
  6980 | D:6      | Killed a yak
  7265 | D:6      | Killed a yak
  7275 | D:6      | Killed a yak
  7277 | D:6      | Killed a yak
  7277 | D:6      | Reached skill level 14 in Unarmed Combat
  7641 | Temple   | Entered the Ecumenical Temple
  7760 | Temple   | Became a worshipper of Makhleb the Destroyer
  7760 | Temple   | Acquired Makhleb's first power
  7760 | Temple   | Acquired Makhleb's second power
  8182 | D:7      | Reached XP level 10. HP: 76/76 MP: 9/9
  8273 | D:7      | Acquired Makhleb's third power
  8326 | D:7      | Noticed Crazy Yiuf
  8347 | D:7      | Killed Crazy Yiuf
  8347 | D:7      | Reached skill level 15 in Unarmed Combat
  8569 | D:8      | Found Orraxu's Food Emporium.
  8629 | D:8      | Reached skill level 1 in Invocations
  8705 | D:8      | HP: 1/78 [killer bee (6)]
  9060 | D:9      | Found Nunihoap's Gadget Emporium.
  9062 | D:9      | Found Voifus's Gadget Shoppe.
  9791 | D:10     | Entered Level 10 of the Dungeon
  9862 | D:8      | Found a glowing silver altar of Zin.
  9865 | D:8      | Acquired Makhleb's fourth power
 10077 | D:8      | Reached skill level 5 in Fighting
 10514 | D:5      | Acquired Makhleb's fifth power
 10627 | D:10     | Found Lyekiuk's Food Shoppe.
 10702 | D:10     | Found a staircase to the Orcish Mines.
 10978 | D:10     | Reached XP level 11. HP: 84/89 MP: 13/13
 11070 | D:10     | Found a staircase to the Lair.
 11130 | D:10     | Reached skill level 5 in Dodging
 11130 | D:10     | Reached skill level 5 in Invocations
 11362 | D:10     | Got a faintly glowing dagger
 11363 | D:10     | Identified the +4 dagger "Dukol" {drain, rC+ Str+3} (You took it off an orc priest on level 10 of the Dungeon)
 11481 | Orc:1    | Entered Level 1 of the Orcish Mines
 11611 | Orc:3    | Found a staircase to the Elven Halls.
 11781 | Orc:3    | Noticed Harold
 11807 | Orc:3    | Killed Harold
 12016 | Orc:3    | Noticed an orc knight
 12392 | Orc:2    | Reached skill level 1 in Armour
 12542 | Orc:2    | Noticed a sun demon
 12544 | Orc:2    | Noticed an orc knight
 12549 | Orc:2    | Reached skill level 16 in Unarmed Combat
 12562 | Orc:2    | Killed an orc knight
 12707 | Orc:2    | Found a deep blue altar of Sif Muna.
 13116 | Orc:2    | Noticed an orc warlord
 13164 | Orc:2    | Killed an orc warlord
 13164 | Orc:2    | Reached XP level 12. HP: 28/102 MP: 15/15
 13370 | Orc:1    | Noticed Gastronok
 13390 | Orc:1    | Killed Gastronok
 13772 | Orc:3    | Killed an orc knight
 14081 | Lair:1   | Entered Level 1 of the Lair of Beasts
 14602 | Lair:1   | Noticed Prince Ribbit
 14627 | Lair:1   | Noticed an ice dragon
 14960 | Lair:2   | Noticed a six-headed hydra
 14974 | Lair:2   | Killed a six-headed hydra
 15002 | Lair:2   | Reached skill level 17 in Unarmed Combat
 15758 | Lair:3   | Reached XP level 13. HP: 111/111 MP: 16/16
 16015 | Lair:3   | Found a hole to the Spider Nest.
 16342 | Lair:3   | ghoul looks strong so far
 16799 | Lair:4   | Reached skill level 5 in Armour
 17006 | Lair:4   | Found a hole to the Spider Nest.
 17352 | Lair:4   | Found a staircase to the Swamp.
 17748 | Lair:4   | Reached skill level 10 in Fighting
 18002 | Lair:5   | Reached skill level 10 in Dodging
 18048 | Lair:5   | Reached XP level 14. HP: 116/121 MP: 18/18
 18108 | Lair:5   | Reached skill level 18 in Unarmed Combat
 18827 | Lair:6   | Found a runed door.
 18827 | Lair:6   | Found a viscous altar of Jiyva.
 18828 | Lair:6   | Found a staircase to the Slime Pits.
 19148 | Lair:6   | Got a silken robe
 19164 | Lair:6   | Identified the +0 robe of the Assorted Mice {Slay+5} (You found it on level 6 of the Lair of Beasts)
 19342 | Lair:6   | You fall through a shaft for 2 floors!
 19342 | Lair:8   | Entered Level 8 of the Lair of Beasts
 20717 | Lair:8   | HP: 6/122 [komodo dragon (22)]
 20721 | Lair:8   | Mangled by a komodo dragon

Action                   |  1- 3 |  4- 6 |  7- 9 | 10-12 | 13-15 || total
-------------------------+-------+-------+-------+-------+-------++-------
Melee: Unarmed           |    88 |   160 |   399 |  1215 |   850 ||  2712
Throw: Tomahawk          |       |       |       |     8 |       ||     8
       Stone             |       |       |       |     1 |       ||     1
Invok: Major Destruction |       |       |       |     5 |     6 ||    11
       Minor Destruction |       |       |       |     1 |     3 ||     4
Evoke: Wand              |       |       |       |     1 |       ||     1
  Use: Scroll            |       |     7 |    11 |    16 |     7 ||    41
       Potion            |       |     1 |     3 |     8 |     5 ||    17
 Stab: Sleeping          |     3 |     2 |     7 |     3 |     1 ||    16
       Distracted        |       |       |     2 |       |       ||     2
  Eat: Chunk             |    10 |    10 |    25 |    80 |    25 ||   150
